 Dungeon Crawl Stone Soup version 0.30.0-11-gf55b779eaf (webtiles) character file.

Game seed: 8665375724118308761

100 Demosthentine the Poker (level 4, 0/34 HPs)
             Began as a Demonspawn Gladiator on May 16, 2023.
             Succumbed to an adder's poison
             ... on level 2 of the Dungeon.
             The game lasted 00:01:34 (1645 turns).

Demosthentine the Poker (Demonspawn Gladiator)      Turns: 1645, Time: 00:01:35

Health: 0/34       AC:  4    Str: 16    XL:     4   Next: 46%
Magic:  4/4        EV: 12    Int: 10    God:
Gold:   106        SH:  0    Dex: 14    Spells: 3/3 levels left

rFire   . . .        a - +0 trident (freeze)
rCold   . . .        (no shield)
rNeg    . . .        b - +0 leather armour
rPois   .            (helmet restricted)
rElec   .            g - +0 cloak
rCorr   .            (no gloves)
SInv    .            (no boots)
Will    .....        (no amulet)
Stlth   +            (no ring)
HPRegen 0.25/turn    (no ring)
MPRegen 0.09/turn

%: no passive effects
@: brilliant, lethally poisoned (0 -> -1), hasted, very quick
A: antennae 1, foul stench 1
a: no special abilities


You were on level 2 of the Dungeon.
You visited 1 branch of the dungeon, and saw 3 of its levels.

You collected 106 gold pieces.

Inventory:

Hand Weapons
 a - a +0 trident of freezing (weapon)
Missiles
 d - 3 throwing nets (quivered)
 e - a javelin
 j - 2 curare-tipped darts
Armour
 b - a +0 leather armour (worn)
 g - a +0 cloak (worn)
Wands
 i - a wand of flame (16)
Scrolls
 f - a scroll of teleportation {unknown}
 h - a scroll of blinking {unknown}


   Skills:
 + Level 2.9 Fighting
 + Level 3.3 Polearms
 - Level 1.7 Throwing
 + Level 1.7 Armour
 + Level 3.3 Dodging


You had 3 spell levels left.
You didn't know any spells.
Your spell library was empty.

Dungeon Overview and Level Annotations

Branches:
Dungeon (3/15)

Altars:


Innate Abilities, Weirdness & Mutations

You have a pair of small antennae on your head.
You may rarely emit foul miasma when damaged in melee.


Message History

The adder is lightly wounded.
The adder bites you.
You are poisoned.
The adder poisons you!
You closely miss the adder.
The adder is lightly wounded.
You feel sick. The adder barely misses you.
The adder bites you but does no damage.
You barely miss the adder.
The adder is lightly wounded.
You feel sick. The adder bites you.
* * * LOW HITPOINT WARNING * * *
You are lethally poisoned!
The adder poisons you!
You miss the adder.
The adder is lightly wounded.
* * * LOW HITPOINT WARNING * * *
You feel very sick. The adder misses you. The adder closely misses you.
It was a potion of haste.
You feel yourself speed up.
* * * LOW HITPOINT WARNING * * *
You feel sick. The adder bites you but does no damage.
It was a potion of brilliance.
You feel clever all of a sudden.
* * * LOW HITPOINT WARNING * * *
You feel sick. The adder bites you but does no damage.
You closely miss the adder.
The adder is lightly wounded.
* * * LOW HITPOINT WARNING * * *
You feel sick. The adder closely misses you.
You puncture the adder!
The adder seems to slow down.
You freeze the adder.
You kill the adder!
* * * LOW HITPOINT WARNING * * *
You feel sick.
You hit the endoplasm. You freeze the endoplasm.
You kill the endoplasm!
Unknown command.
* * * LOW HITPOINT WARNING * * *
You feel sick.
You die...

#........## #...#.######....
####..###.### ##...#...........
#....#..#.######.........†####.#
#...>..........#..........# #.#
##....##.######............# #.#
.......#.##................# #.#
.......#.##......#######...# #.#
.......#.........# ##### #.#
.......#.......#@## #.#
.......##......#..# ###### #.#
.......##).....##.#####......
....#####......##†##.........
....##..'......##..#.........
....##.##......###.#.S.......
....##.##......# #...........
....##.####...## ###.........
.......# ##### #......###


There were no monsters in sight!

Vanquished Creatures
  5 adders
  2 worms
  A dart slug (D:1)
  4 ball pythons
  5 endoplasms
  5 goblins
  4 hobgoblins
  4 jackals (D:1)
  2 quokkas
  3 bats
  2 frilled lizards
  5 kobolds (D:1)
  2 rats (D:1)
44 creatures vanquished.

Notes
Turn   | Place    | Note
-------+----------+-------------------------------------------
     0 | D:1      | Demosthentine the Demonspawn Gladiator began the quest for
                  | the Orb.
     0 | D:1      | Reached XP level 1. HP: 16/16 MP: 1/1
   268 | D:1      | Gained mutation: You may rarely emit foul miasma when
                  | damaged in melee. [demonic ancestry]
   268 | D:1      | Reached XP level 2. HP: 22/22 MP: 2/2
   487 | D:1      | Reached skill level 1 in Armour
   670 | D:1      | Reached XP level 3. HP: 28/28 MP: 3/3
  1343 | D:2      | You fall into a shaft and drop 1 floor!
  1442 | D:2      | Gained mutation: You have a pair of small antennae on your
                  | head. [demonic ancestry]
  1442 | D:2      | Reached XP level 4. HP: 34/34 MP: 4/4
  1644 | D:2      | HP: 1/34 [poisoned by an adder]
  1645 | D:2      | Succumbed to an adder's poison

Illustrated notes

Levels and vault maps discovered:
D:1:      scummos_arrival_star, layout_loops_corners, hangedman_glass_teeth,
          kennysheep_flooded_box, chequers_serial_rivers_micro_a,
          grunt_decor_arrowhead, chequers_mini_garden,
          minmay_misc_feat_nine_boxes
D:2:      layout_basic
D:3:      layout_basic, old_standard_altar

Skill      XL: |  1  2 |
---------------+-------+-----
Polearms       | 3 |  3.3
Armour         | 1 |  1.7
Dodging        | 3 |  3.3
Fighting       | |  2.9
Throwing       | |  1.7

Action                     |  1- 3 |  4- 6 || total
---------------------------+-------+-------++-------
  Melee: Trident           |    93 |    40 ||   133
    Use: Scroll            |     3 |       ||     3
         Potion            |       |     2 ||     2
   Stab: Sleeping          |     3 |       ||     3
 Armour: Leather armour    |    22 |    20 ||    42
  Dodge: Dodged            |    38 |    26 ||    64
